 Dungeon Crawl Stone Soup version 0.28-a0-533-g9f97627e2a (webtiles) character file.

Game seed: 16520634532897343186

22 fijero the Skirmisher (level 2, 0/27 HPs)
             Began as a Minotaur Berserker on Sept 25, 2021.
             Was a Follower of Trog.
             Slain by a giant cockroach (2 damage)
             ... on level 2 of the Dungeon.
             The game lasted 00:06:16 (1594 turns).

fijero the Skirmisher (Minotaur Berserker)          Turns: 1594, Time: 00:06:17

Health: 0/27       AC:  2    Str: 21    XL:     2   Next: 68%
Magic:  1/1        EV: 12    Int:  4    God:    Trog [*.....]
Gold:   38         SH:  0    Dex:  9    Spells: 1/1 levels left

rFire   . . .      SeeInvis .   a - +0 hand axe
rCold   . . .      Faith    .   (no shield)
rNeg    . . .      Spirit   .   b - +0 animal skin
rPois   .          Reflect  .   (helmet restricted)
rElec   .          Harm     .   (no cloak)
rCorr   .          Rampage  .   (no gloves)
Will    .....                   (no boots)
Stlth   +.........              (no amulet)
HPRegen 0.09/turn               (no ring)
MPRegen 0.07/turn               (no ring)

@: on berserk cooldown, slowed, very slow
A: horns 2, retaliatory headbutt
a: Renounce Religion, Berserk


You were on level 2 of the Dungeon.
You worshipped Trog.
Trog was aware of your devotion.
You visited 1 branch of the dungeon, and saw 2 of its levels.

You collected 38 gold pieces.

Inventory:

Hand Weapons
 a - a +0 hand axe (weapon)
Missiles
 f - 18 stones (quivered)
Armour
 b - a +0 animal skin (worn)
 k - a +0 kite shield
Wands
 j - a wand of mindburst (18)
Scrolls
 c - a scroll of enchant weapon {unknown}
 d - a scroll of noise {unknown}
 e - a scroll of immolation {unknown}
 g - a scroll of fear {unknown}
 i - a scroll of identify {unknown}
Potions
 h - a potion of degeneration {unknown}


   Skills:
 - Level 4.1 Fighting
 * Level 4.0 Axes
 - Level 2.6 Armour
 + Level 2.5 Dodging
 * Level 0.0 Shields


You had one spell level left.
You didn't know any spells.
Your spell library was empty.

Dungeon Overview and Level Annotations

Branches:
Dungeon (2/15)

Altars:

Shops:
D:2 (

Annotations:
D:2 Sigmund


Innate Abilities, Weirdness & Mutations

You have a pair of horns on your head.
You reflexively headbutt those who attack you in melee.


Message History

Sigmund is moderately wounded.
Sigmund points at you and mumbles some strange words.
You are confused.
Sigmund closely misses you.
You feel a strong urge to attack something.
You bump into the metal wall.
Sigmund says, "Look into my eyes."
Sigmund hits you with a +0 scythe!
You're too confused to move!
You feel your anger nearly subside.
You are no longer berserk.
You are exhausted.
You feel yourself slow down.
You bump into the metal wall.
Sigmund barely misses you.
You miss Sigmund. You headbutt Sigmund.
Sigmund is moderately wounded.
Sigmund hits you with a +0 scythe.
You feel less confused.
Sigmund hits you from afar with a +0 scythe.
* * * LOW HITPOINT WARNING * * *
Sigmund casts a spell at you.
You are confused.
You bump into the rock wall.
Sigmund misses you.
You bump into the rock wall.
You feel less confused. Sigmund closely misses you.
You hit the giant cockroach but do no damage.
Sigmund gestures wildly while chanting.
Sigmund flickers and vanishes!
Deactivating autopickup; reactivate with Ctrl-A.
The giant cockroach bites you but does no damage.
Something hits you.
* * * LOW HITPOINT WARNING * * *
The giant cockroach barely misses you. The giant cockroach bites you.
* * * LOW HITPOINT WARNING * * *
Something barely misses you.
Unknown command.
Unknown command.
The giant cockroach bites you.
You die...

#.......##..#.# #.#.#
#.......#..<#.###.#.#
#.......#...#.....#.#
#.......#.......###.#
......#.#...###.# #.#
#...#...# #.#
#....>###
#.#########.###
#......B@.....#
#.#....######.#.#
#.#.#.#..####.
#.#.#.........
#.#.........#.
#.#.#######.# #@#.# #
#.#.# #...#


You could see a giant cockroach.

Vanquished Creatures
  A gnoll (D:1)
  An endoplasm (D:1)
  A goblin (D:1)
  3 hobgoblins (D:1)
  3 bats (D:1)
  A frilled lizard (D:1)
  4 rats
14 creatures vanquished.

Notes
Turn   | Place    | Note
-------+----------+-------------------------------------------
     0 | D:1      | fijero the Minotaur Berserker began the quest for the Orb.
     0 | D:1      | Reached XP level 1. HP: 19/19 MP: 0/0
   301 | D:1      | Found a faded altar of an unknown god.
   479 | D:1      | Reached XP level 2. HP: 27/27 MP: 1/1
  1449 | D:2      | Found Cang's Weapon Boutique.
  1564 | D:2      | Noticed Sigmund
  1593 | D:2      | HP: 1/27 [giant cockroach (1)]
  1594 | D:2      | Slain by a giant cockroach

Illustrated notes

Levels and vault maps discovered:
D:1:      saegor_arrival_simple_b, layout_basic,
          hellmonk_ecumenical_altar_inner_sanctum, serial_corexii_hall,
          corexii_hall_statues_x, chequers_hall_statues_y,
          corexii_hall_statues_l, corexii_hall_statues_x,
          corexii_hall_statues_i, corexii_hall_statues_t,
          minmay_misc_feat_doors, serial_park_tiny_2, st_stairs_8
D:2:      layout_basic, serial_shops, shop, shop, nrook_mini_vaults,
          amcnicky_mini_corridor_feature, uniq_sigmund

Skill      XL: |  1  2 |
---------------+-------+-----
Fighting       | 4 |  4.1
Axes           | 4 |  4.0
Armour         | |  2.6
Dodging        | |  2.5

Action                   || total
-------------------------++-------
Melee: Hand axe          ||    31
       Headbutt          ||     1
Throw: Stone             ||     5
Invok: Berserk           ||     2
Armor: Animal skin       ||     5
Dodge: Dodged            ||    32

Table legend: (Time is in decaauts)
 A = Elapsed time spent in this place.
 B = Non-inter-level travel time spent in this place.
 C = Inter-level travel time spent in this place.
 D = Time resting spent in this place.
 E = Time spent auto-exploring this place.
 F = Levels seen in this place.
 G = Mean time per level.
                   A        B        C        D        E       F      G
               +--------+--------+--------+--------+--------+-----+--------+
         Total |   1616 |   1585 |     31 |    174 |    983 |   2 |  808.0 |
       Dungeon |   1616 |   1585 |     31 |    174 |    983 |   2 |  808.0 |
               +--------+--------+--------+--------+--------+-----+--------+

Top non-repeatable levels by time:
     D:1: 1467 daAuts
     D:2: 148 daAuts
